[Event "Early-Titled-Tuesday-Blitz-May-28-2024"]
[Site "Chess.com"]
[Date "2024.05.28"]
[Round "5"]
[White "Fraler15"]
[Black "chessburger_tv"]
[Result "1-0"]
[WhiteElo "2206"]
[BlackElo "2379"]
[TimeControl "180+1"]
[EndTime "8:57:10 PDT"]
[Termination "Fraler15 won by checkmate"]

1. d4 e6 2. c4 d5 3. Nf3 Nf6 4.
Nc3 Be7 5. Bg5 O-O 6. e3 h6 7.
Bh4 Ne4 8. Bxe7 Qxe7 9. Rc1 Nxc3 10. Rxc3 c6 11. Bd3 Nd7 12. O-O dxc4 13. Bxc4 e5 14. Bb3 e4 15. Nd2 Nf6 16. f3 Bf5 17. Kh1 Rad8 18. f4 Be6 19. Rc5 Bd5 20. Qe1 Rd6 21. Nc4 Bxc4 22. Bxc4 Nd7 23. Rh5 Kh7 24. f5 Nf6 25.
Rh3 b5 26. Bb3 a5 27. Qxa5 Ng4 28. Qe1 Nf6 29. Qh4 Rc8 30. g4 Ng8 31. g5 c5 32.
Bxf7 c4 33. Be6 Rxe6 34. fxe6 Qxe6 35. gxh6 Nxh6 36. Rg3 b4 37. Qg5 Rc7 38. Rfg1 c3 39. bxc3 bxc3 40. d5 Qf6 41. Qxf6 gxf6 42. d6 Rd7 43.
Rc1 Nf5 44. Rh3+ Kg6 45. Rxc3 Rxd6 46. Rc1 Rd2 47. Ra1 Nd6 48. a4 Nb7 49. a5 Rd8 50.
a6 Ra8 51. Rg3+ Kf7 52. Rg4 Nd6 53. Rh4 Kg7 54. Rh5 Kf7 55. Rd5 Ke6 56. Rc5 f5 57. Rc7 Nb5 58. Rc6+ Kd5 59. Rf6 Nd6 60. Rd1+ Ke5 61.
Rfxd6 f4 62. R1d5# 1-0

[Event "Early-Titled-Tuesday-Blitz-May-28-2024"]
[Site "Chess.com"]
[Date "2024.05.28"]
[Round "5"]
[White "littlepinkyboy"]
[Black "ubdip"]
[Result "1-0"]
[WhiteElo "2630"]
[BlackElo "2442"]
[TimeControl "180+1"]
[EndTime "8:57:12 PDT"]
[Termination "littlepinkyboy won on time"]

1. e4 c5 2. Nf3 Nc6 3. d4 cxd4 4. Nxd4 Qb6 5. Nb3 Nf6 6. Nc3 e6 7. Be3 Qc7 8. f3 Bb4 9. Qd2 d5 10. a3 Bxc3 11. Qxc3 dxe4 12. fxe4 O-O 13. Bd3 Ng4 14. Bd2 b6 15. Be2 Nf6 16. Bf3 e5 17. O-O-O Be6 18.
Bg5 Rac8 19. Bxf6 gxf6 20. Kb1 Ne7 21. Qxc7 Rxc7 22. Nc1 Rfc8 23. c3 f5 24. Rhe1 f6 25. Rd6 Rc6 26. Rxc6 Rxc6 27. Nd3 Rd6 28. Nc1 Ng6 29. Kc2 fxe4 30. Bxe4 f5 31. Bd3 Kg7 32.
c4 e4 33. Bf1 Ne5 34. b3 Kf6 35. Na2 Ng4 36. h3 Ne5 37. Nc3 Nc6 38. b4 Nd4+ 39. Kb2 Ke5 40. c5 bxc5 41. bxc5 Rc6 42. Na4 Rc8 43. Kc3 f4 44. Bd3 e3 45. g3 Bd7 46.
gxf4+ Kxf4 47. Kxd4 Bxa4 48. Rf1+ Kg3 49. Kxe3 Rxc5 50. Rf3+ Kh4 51. Rf4+ Kxh3 52. Rxa4 a5 53. Bxh7 Kg3 54. Be4 Kg4 55. Kd4 1-0

[Event "Early-Titled-Tuesday-Blitz-May-28-2024"]
[Site "Chess.com"]
[Date "2024.05.28"]
[Round "5"]
[White "crescentmoon2411"]
[Black "shimastream"]
[Result "1-0"]
[WhiteElo "2895"]
[BlackElo "3028"]
[TimeControl "180+1"]
[EndTime "8:57:13 PDT"]
[Termination "crescentmoon2411 won on time"]

1. d4 d5 2. Nf3 e6 3. Bf4 Bd6 4. e3 Ne7 5. Bg3 Nf5 6. c4 Nxg3 7. hxg3 c6 8. Nc3 Nd7 9. Qc2 Nf6 10. O-O-O Qe7 11.
Kb1 dxc4 12. Bxc4 e5 13. dxe5 Bxe5 14. Nxe5 Qxe5 15. f4 Qe7 16. e4 g6 17. e5 Ng4 18.
Qe2 Bf5+ 19. Bd3 Qe6 20. Bxf5 Qxf5+ 21. Ka1 O-O 22. Ne4 h5 23. Nd6 Qe6 24. Nxb7 a5 25. Nc5 Qe7 26. Rd6 Rab8 27. Nd7 Rbd8 28. Qd2 Rfe8 29. Rd1 Ra8 30. a3 Ra7 31. f5 Nxe5 32. Nf6+ Kg7 33. fxg6 Rh8 34. gxf7 Nxf7 35. Rxc6 Qe5 36.
Re1 Qxg3 37. Ne4 Qe5 38. Nd6 Qg5 39. Qc3+ Kh7 40. Qc2+ Kg7 41. Nf5+ Kh7 42. Ne7+ Kg7 43. Rg6+ Kf8 44. Qc8+ Nd8 45. Qxd8+ Kf7 46. Qxh8 Rxe7 47. Qh7+ Kf8 48. Rf1+ Ke8 49. Qg8+ Kd7 50. Rxg5 1-0

[Event "Early-Titled-Tuesday-Blitz-May-28-2024"]
[Site "Chess.com"]
[Date "2024.05.28"]
[Round "5"]
[White "theoneandonlydaaevik"]
[Black "chessfatbear"]
[Result "0-1"]
[WhiteElo "2609"]
[BlackElo "2828"]
[TimeControl "180+1"]
[EndTime "8:57:13 PDT"]
[Termination "chessfatbear won by checkmate"]

1. c4 e5 2. Nc3 Nf6 3. Nf3 Nc6 4. g3 Bb4 5. Nd5 Bc5 6. Bg2 O-O 7. b4 Nxb4 8. Nxb4 Bxb4 9. Nxe5 d5 10. cxd5 Re8 11. Bb2 Nxd5 12. O-O Bf8 13. Qb3 Be6 14.
Qc2 c5 15. a3 Rc8 16. Rfd1 b5 17. d3 a5 18. e4 Nb6 19. f4 a4 20. Qf2 f6 21. Nf3 Qe7 22. d4 Bb3 23. Re1 Nc4 24. Bc3 b4 25. Bd2 Nxd2 26. Qxd2 c4 27. e5 c3 28. Qe3 c2 29. Nd2 Rc3 30. Qf2 bxa3 31. Ne4 Rd3 32. Nc5 Rd1 33. Nxb3 axb3 34. Bd5+ Kh8 35.
Bxb3 Rxa1 36. Rxa1 Rc8 37. Bxc2 Qb4 38. Bf5 Rd8 39. exf6 gxf6 40. Qe3 Rxd4 41. Qe8 Rd2 42. Qf7 Qd4+ 43. Kh1 Qxa1+ 44. Bb1 Qxb1# 0-1

[Event "Early-Titled-Tuesday-Blitz-May-28-2024"]
[Site "Chess.com"]
[Date "2024.05.28"]
[Round "5"]
[White "GlavkonVVS"]
[Black "BashiqChess"]
[Result "0-1"]
[WhiteElo "2570"]
[BlackElo "2423"]
[TimeControl "180+1"]
[EndTime "8:57:14 PDT"]
[Termination "BashiqChess won by resignation"]

1. c4 Nf6 2. Nc3 c6 3. Nf3 d5 4.
d4 e6 5. Bg5 Nbd7 6. e3 Bb4 7. Nd2 Qa5 8. Qc2 h6 9. Bh4 O-O 10. Be2 Ne4 11. Ndxe4 dxe4 12. O-O Bxc3 13. bxc3 Qf5 14. a4 b6 15. a5 bxa5 16. Qa4 Nb6 17.
Qxa5 e5 18. Rfb1 Be6 19. g4 Qg6 20. Qxe5 Bxc4 21. Bxc4 Nxc4 22. Qf5 Qxf5 23. gxf5 Nd2 24. Be7 Nxb1 25. Bxf8 Kxf8 26. Rxb1 a5 27. f3 exf3 28.
Kf2 Ke7 29. Kxf3 a4 30. Ra1 a3 31. Ra2 Kd6 32. e4 g6 33. Kf4 g5+ 34. Ke3 f6 35. c4 Ra4 36. c5+ Kd7 37. Kd3 Kc7 38.
Kc3 h5 39. h3 Kd7 40. e5 fxe5 41. dxe5 Rf4 42. f6 Rf3+ 43. Kb4 Ke6 44. Rd2 Kxe5 45. f7 Rxf7 46. Kxa3 Rf3+ 47. Kb4 Rxh3 48. Rd6 g4 49.
Rxc6 g3 50. Rg6 Kf5 51. Rg8 h4 52. c6 Rh1 53. c7 Rb1+ 54. Kc3 Rc1+ 55. Kd4 Rxc7 56.
Rh8 Kg4 57. Ke3 Re7+ 58. Kd2 Kh3 59. Kd3 g2 0-1

[Event "Early-Titled-Tuesday-Blitz-May-28-2024"]
[Site "Chess.com"]
[Date "2024.05.28"]
[Round "5"]
[White "ChessSwole"]
[Black "AryanTari"]
[Result "0-1"]
[WhiteElo "2707"]
[BlackElo "3051"]
[TimeControl "180+1"]
[EndTime "8:57:15 PDT"]
[Termination "AryanTari won by resignation"]

1. Nf3 Nf6 2. g3 c5 3. Bg2 Nc6 4. d4 cxd4 5. Nxd4 e5 6. Nxc6 dxc6 7. Qxd8+ Kxd8 8. O-O Be6 9. Nd2 Nd7 10. Nb3 Kc7 11. Be3 a5 12. a4 Be7 13. Rfd1 Rhd8 14. f4 f6 15. fxe5 fxe5 16. Nd2 Bc5 17. Bxc5 Nxc5 18.
Ne4 Rxd1+ 19. Rxd1 Nxa4 20. b3 Nb6 21. Ng5 Bg8 22.
Be4 h6 23. Nf3 a4 24. bxa4 Rxa4 25. Bf5 Ra5 26. Kf2 Rc5 27. g4 Bf7 28. h4 Be8 29. g5 Bd7 30. Be4 Be6 31. gxh6 gxh6 32. Rg1 Bd5 33. Rg7+ Kb8 34. Bg6 Bxf3 35. Kxf3 Rc3+ 36.
Bd3 c5 37. Ke4 c4 38. Kxe5 cxd3 39. cxd3 Rc2 40. e4 Rh2 41. Rg4 Nd7+ 42. Kd6 Nb6 43.
d4 Nc4+ 44. Kc5 Ne3 45. Rf4 Rc2+ 46. Kd6 Rc6+ 47. Kd7 Rc4 48. d5 b5 49. Rf8+ Kb7 50. Re8 b4 51. d6 b3 52. Re5 Rb4 53. Re7 b2 54. Ke8+ Ka6 55. d7 Rb8+ 56. d8=Q Rxd8+ 57. Kxd8 b1=Q 0-1

[Event "Early-Titled-Tuesday-Blitz-May-28-2024"]
[Site "Chess.com"]
[Date "2024.05.28"]
[Round "5"]
[White "DumbKing75"]
[Black "DominguezOnYoutube"]
[Result "1/2-1/2"]
[WhiteElo "2679"]
[BlackElo "2986"]
[TimeControl "180+1"]
[EndTime "8:57:16 PDT"]
[Termination "Game drawn by repetition"]

1. e4 c5 2. Nf3 d6 3. d4 cxd4 4. Qxd4 Nf6 5. Nc3 Nc6 6. Bb5 Bd7 7. Bxc6 Bxc6 8. Bg5 e6 9. O-O-O Be7 10. Bxf6 Bxf6 11.
Qxd6 Qxd6 12. Rxd6 Bxc3 13. bxc3 Bxe4 14. Ne5 Rc8 15. Rd4 Bc6 16. Nxc6 Rxc6 17. Rhd1 O-O 18. Rd7 b5 19. Rxa7 Rxc3 20. Rdd7 Rc5 21. Rac7 Rf5 22. f3 h5 23. Kb2 Ra8 24. Ra7 Rc8 25. Rac7 Ra8 26. Ra7 Re8 27. a3 h4 28. h3 Rc8 29.
Rac7 Ra8 30. Ra7 Rf8 31. Rab7 Rg5 32. Rd2 Rc8 33. Kb3 Rgc5 34. Rbd7 Rc3+ 35. Kb2 g5 36. Rd8+ Kg7 37. Rxc8 Rxc8 38. Kb3 Rc5 39. c3 Kg6 40. Rd4 Re5 41. Re4 Rd5 42. Rd4 Re5 43. Re4 Rc5 44. Kb4 Rc7 45. Rd4 Kf5 46. Re4 e5 47. c4 bxc4 48.
Rxc4 Rb7+ 49. Kc3 Ra7 50. a4 Ke6 51. Rb4 f5 52. Kd3 Kd5 53. Rb5+ Kd6 54. a5 Ke6 55. Rb6+ Kd5 56. Rb5+ Ke6 57. Rb6+ Kd5 58. Rb5+ Ke6 1/2-1/2

[Event "Early-Titled-Tuesday-Blitz-May-28-2024"]
[Site "Chess.com"]
[Date "2024.05.28"]
[Round "5"]
[White "MVM2008"]
[Black "Makswolf200817"]
[Result "1-0"]
[WhiteElo "2503"]
[BlackElo "2737"]
[TimeControl "180+1"]
[EndTime "8:57:16 PDT"]
[Termination "MVM2008 won on time"]

1. e4 c5 2. Nf3 d6 3. d4 cxd4 4. Nxd4 Nf6 5. Nc3 a6 6. Bc4 e6 7. Bb3 b5 8. O-O Be7 9. f4 Bb7 10. Nxe6 fxe6 11. Bxe6 Qb6+ 12. Kh1 Nbd7 13. Qe2 Nc5 14.
Be3 b4 15. e5 dxe5 16. fxe5 Qxe6 17. exf6 O-O-O 18. fxe7 Qxe7 19. Qg4+ Nd7 20. Bg5 Qc5 21.
Na4 Qc6 22. Bxd8 Rxd8 23. b3 Kb8 24. Rad1 Ka7 25. Qd4+ Ka8 26. Rg1 Kb8 27. Qxb4 Re8 28.
Qf4+ Ka7 29. Qd4+ Nb6 30. Nxb6 Qxb6 31. Qxb6+ Kxb6 32. Rge1 Rc8 33. c4 Rf8 34. Kg1 Kc5 35. Re5+ Kb4 36. Re7 Bc6 37. Rxg7 Ka3 38. Rxh7 Rg8 39.
g3 Kxa2 40. Rh6 Rc8 41. Rdd6 Bb7 42. Rb6 Rc7 43. b4 Kb3 44. b5 a5 45. c5 Be4 46.
Ra6 a4 47. c6 a3 48. b6 Rxc6 49. b7 Rc1+ 50. Kf2 Bxb7 51. Rab6+ Kc3 52. Rxb7 a2 53. Ra6 a1=Q 54. Rxa1 Rb1 55. Raxb1 1-0

[Event "Early-Titled-Tuesday-Blitz-May-28-2024"]
[Site "Chess.com"]
[Date "2024.05.28"]
[Round "5"]
[White "NikFil2013"]
[Black "KingCrusher275"]
[Result "1-0"]
[WhiteElo "2468"]
[BlackElo "2587"]
[TimeControl "180+1"]
[EndTime "8:57:16 PDT"]
[Termination "NikFil2013 won by checkmate"]

1. d4 Nf6 2. c4 e6 3. Nc3 Bb4 4. e3 O-O 5. Bd3 d5 6. Nf3 c5 7. O-O Nc6 8. a3 Bxc3 9. bxc3 dxc4 10. Bxc4 b6 11. Qe2 Bb7 12. a4 Na5 13. Bd3 Qc7 14.
e4 Nb3 15. Rb1 Nxc1 16. Rfxc1 h6 17. Rc2 Rac8 18. Rcb2 Rfd8 19. a5 Nd7 20. Nd2 cxd4 21. cxd4 Qc3 22. a6 Ba8 23. Nf3 Nf6 24. h3 Qa3 25. Rb3 Qe7 26. R3b2 Rc7 27. Rc2 Rcd7 28. Rbc1 Qe8 29. Bb5 Bxe4 30. Bxd7 Rxd7 31. Rc8 Rd8 32.
Rxd8 Qxd8 33. Ne5 Qxd4 34. Rc8+ Kh7 35. Nxf7 Qd7 36. Rh8+ Kg6 37. Ne5+ Kf5 38. Nxd7 Nxd7 39. Rd8 Nf6 40. g4+ Kf4 41. Qe3+ Ke5 42. Qd4+ Kf4 43. Qe3+ Ke5 44. Rd4 g5 45. f3 Nd5 46. Qxe4+ Kf6 47. Rxd5 exd5 48. Qxd5 b5 49. Qxb5 Ke6 50. Qf5+ Kd6 51.
Qg6+ Ke5 52. Qxh6 Kf4 53. Qf6+ Kg3 54. Qe5+ Kh4 55. Qh8+ Kg3 56. f4 Kf3 57. fxg5 Kg3 58. g6 Kf3 59. g7 Kg3 60. g8=Q Kf3 61. Qb3+ Kf4 62. Qd4+ Kg5 63. Qbd5+ Kh4 64. Qh8+ Kg3 65. Qd3+ Kf4 66. Qf6# 1-0

[Event "Early-Titled-Tuesday-Blitz-May-28-2024"]
[Site "Chess.com"]
[Date "2024.05.28"]
[Round "5"]
[White "Arteler"]
[Black "CristianS27"]
[Result "0-1"]
[WhiteElo "2231"]
[BlackElo "2528"]
[TimeControl "180+1"]
[EndTime "8:57:16 PDT"]
[Termination "CristianS27 won by checkmate"]

1. e4 e5 2. Nf3 Nc6 3. d4 exd4 4. Nxd4 Nf6 5. Nc3 Bb4 6. Nxc6 bxc6 7. Bd3 d5 8. exd5 O-O 9. O-O cxd5 10. Bg5 c6 11.
Re1 Bd6 12. h3 Rb8 13. Rb1 h6 14. Bh4 g5 15. Bg3 Bxg3 16. fxg3 Qd6 17. Kh2 Kg7 18. Qe2 Re8 19. Qf2 Bd7 20. b3 c5 21. Bf5 Re5 22.
Bxd7 Nxd7 23. Rf1 f5 24. Rbe1 Rbe8 25. a4 a6 26. Rxe5 Rxe5 27. Re1 d4 28. Nd1 h5 29.
Nb2 Rxe1 30. Qxe1 Qe5 31. Qf2 Nf6 32. Nd3 Ne4 33. Nxe5 Nxf2 34. Nd7 d3 35. cxd3 Nxd3 36.
Kg1 Kf7 37. Kf1 Ke6 38. Nb8 Nb4 39. Ke2 Kd6 40. g4 fxg4 41. hxg4 hxg4 42. Kd2 Kc7 43. Kc3 Kxb8 44. Kc4 Kc7 45. Kxc5 Nd3+ 46. Kd4 Nf4 47.
g3 Ne2+ 48. Ke4 Nxg3+ 49. Ke3 Nf5+ 50. Ke4 g3 51. Kf3 a5 52. Kg2 Kc6 53. Kf3 Kc5 54.
Kg4 g2 55. Kxf5 g1=Q 56. Ke6 Kb4 57. Kf7 g4 58. Kg8 Qa7 59. Kf8 Kc5 60. Ke8 Kd6 61. Kf8 Ke6 62. Kg8 Kf6 63. Kh8 Qg7# 0-1

[Event "Early-Titled-Tuesday-Blitz-May-28-2024"]
[Site "Chess.com"]
[Date "2024.05.28"]
[Round "5"]
[White "wild3000"]
[Black "jaskol95"]
[Result "1-0"]
[WhiteElo "2363"]
[BlackElo "2516"]
[TimeControl "180+1"]
[EndTime "8:57:16 PDT"]
[Termination "wild3000 won by checkmate"]

1. c4 e6 2. Nc3 d5 3. d4 Nf6 4.
Nf3 c6 5. e3 Nbd7 6. Bd3 Bd6 7.
O-O b6 8. e4 dxe4 9. Nxe4 Nxe4 10. Bxe4 Bb7 11. d5 Nc5 12. dxc6 Nxe4 13. cxb7 Rb8 14.
Qa4+ Qd7 15. Qxa7 Rxb7 16. Qa8+ Bb8 17. Ne5 Qc7 18. Bf4 g5 19. Qa4+ Kf8 20. Ng6+ hxg6 21.
Bxc7 Bxc7 22. Qa8+ Kg7 23. Qxb7 Bxh2+ 24. Kh1 Nc5 25.
Qxb6 Bc7+ 26. Kg1 Bxb6 27. b4 Ne4 28. c5 Bc7 29. g3 g4 30. Rfd1 Ng5 31. Kf1 Be5 32.
Rab1 Nf3 33. Ke2 Nd4+ 34. Kd3 Nb5 35. a4 Nc3 36. Kc4 Nxd1 37. Rxd1 Rh2 38. Rf1 f5 39. a5 f4 40. gxf4 Bxf4 41. a6 Bb8 42. b5 Rh4 43. Kb3 Rh3+ 44. Ka4 Rh5 45. Kb4 Rh4 46. b6 g3+ 47. Kb5 g2 48. Rg1 Rg4 49. a7 Bh2 50. Rxg2 Bg1 51. Rxg4 Bxf2 52. Re4 Kf6 53. Re2 Bg3 54.
a8=Q Kf5 55. Qf3+ Bf4 56. Qe4+ Kg5 57. Qxe6 Kh5 58. Rg2 g5 59. Qg4+ Kg6 60. Qxf4 Kh7 61. Rxg5 Kh8 62. Qh4# 1-0

[Event "Early-Titled-Tuesday-Blitz-May-28-2024"]
[Site "Chess.com"]
[Date "2024.05.28"]
[Round "5"]
[White "bascheyaro"]
[Black "Jospem"]
[Result "0-1"]
[WhiteElo "2817"]
[BlackElo "3034"]
[TimeControl "180+1"]
[EndTime "8:57:18 PDT"]
[Termination "Jospem won by resignation"]

1. d4 Nf6 2. Nf3 e6 3. Bg5 Be7 4. e3 b6 5. c4 Bb7 6. Bd3 d6 7. Nc3 Nbd7 8. O-O h6 9. Bh4 g5 10. Bg3 Rg8 11. e4 h5 12. h3 g4 13. hxg4 Nxg4 14. Bf4 h4 15. Nh2 Ngf6 16. Qf3 Nf8 17. Rad1 Ng6 18. Bg5 Nh7 19. Be3 Ng5 20. Bxg5 Bxg5 21.
Ne2 Qf6 22. b3 O-O-O 23. Qxf6 Bxf6 24. f4 Ne7 25. Nf3 Rg4 26. Kf2 Rdg8 27. Rg1 Bh8 28. d5 f5 29. exf5 exd5 30. Ng5 dxc4 31. Bxc4 d5 32. Bd3 Bf6 33. Kf3 R4xg5 34. fxg5 Rxg5 35.
g4 Nc6 36. Nf4 Ne5+ 37. Ke2 d4 38. Ne6 Bf3+ 39. Kd2 Bxd1 40. Nxg5 Bxg5+ 41. Kxd1 Nxd3 42. Rf1 Ne5 43. f6 Nf7 44. Ke2 Kd7 45. Kd3 Ke6 46. Kxd4 Bxf6+ 47. Ke4 Ng5+ 48. Kf4 Be7 49. Re1+ Kf6 50.
Rf1 Bd6+ 51. Ke3+ Kg6 52. Kf2 h3 53. Kg1 Ne4 54. Rf3 h2+ 55. Kg2 Nf6 56. b4 Nxg4 57. Ra3 Nf2 58. Kxf2 h1=Q 59. Rxa7 Qh2+ 0-1

[Event "Early-Titled-Tuesday-Blitz-May-28-2024"]
[Site "Chess.com"]
[Date "2024.05.28"]
[Round "5"]
[White "FGHSMN"]
[Black "Konavets"]
[Result "0-1"]
[WhiteElo "2894"]
[BlackElo "3081"]
[TimeControl "180+1"]
[EndTime "8:57:20 PDT"]
[Termination "Konavets won by resignation"]

1. e4 e5 2. Nf3 Nc6 3. Bc4 Nf6 4. d3 Bc5 5. O-O d6 6. c3 a6 7. a4 Ba7 8. Re1 Ng4 9. Re2 Qf6 10. h3 Nh6 11. Bg5 Qg6 12. Qd2 f6 13. Bxh6 gxh6 14. Kh2 Bd7 15. b4 Ne7 16. Na3 O-O-O 17. a5 c6 18. d4 d5 19. Bd3 Rhg8 20. Rg1 Qh5 21.
exd5 e4 22. Rxe4 Bb8+ 23. Kh1 Bxh3 24. Nh4 cxd5 25. Be2 Bg4 26. Bxg4+ Rxg4 27. Rxg4 Qxg4 28. Qxh6 Bf4 29. Qxh7 Rg8 30. Re1 Rg7 31. Qh8+ Kd7 32.
Kg1 Bd2 33. Rf1 Nf5 34. Qb8 Nxh4 35. Qxb7+ Ke8 36. Qa8+ Ke7 37. Qb7+ Ke6 38. Qc6+ Kf7 39. Qxd5+ Kg6 40. Nc4 Bf4 41. Re1 Kh7 42. Ne3 Bxe3 43.
Rxe3 Qxg2+ 44. Qxg2 Nxg2 45. Rh3+ Kg8 46. Rg3 Nf4 47.
b5 Ne2+ 48. Kg2 Nxg3 49. fxg3 axb5 50. Kf3 Ra7 51. Ke4 Rxa5 52. Kd5 b4+ 53. Kc4 bxc3 54.
Kxc3 Kf7 55. Kc4 Rg5 0-1

[Event "Early-Titled-Tuesday-Blitz-May-28-2024"]
[Site "Chess.com"]
[Date "2024.05.28"]
[Round "5"]
[White "jlf287"]
[Black "GothamChess"]
[Result "0-1"]
[WhiteElo "2493"]
[BlackElo "2778"]
[TimeControl "180+1"]
[EndTime "8:57:20 PDT"]
[Termination "GothamChess won by resignation"]

1. d4 d5 2. c4 dxc4 3. Nf3 Nf6 4. e3 e6 5. Bxc4 c5 6. O-O cxd4 7. exd4 Be7 8. Nc3 a6 9. Bg5 O-O 10. Bb3 Nbd7 11.
Ne5 Nxe5 12. dxe5 Nd7 13. Bf4 Nc5 14. Bc2 b5 15. Qe2 Bb7 16. Rfd1 Qc7 17. Rac1 Rad8 18.
Bg3 Qc6 19. f3 Rxd1+ 20. Rxd1 Rd8 21. Rxd8+ Bxd8 22. Qd2 Bc7 23. h3 h6 24. Kh1 Qe8 25. Qd4 Nd7 26. Qd3 Nf8 27. Ne4 Bxe4 28. Qxe4 Ng6 29. f4 Qd8 30. Be1 Ba5 31. Bf2 Qd2 32.
Be3 Qe1+ 33. Kh2 Bd2 34. Bxd2 Qxd2 35. f5 exf5 36. Qxf5 Nf8 37. Qe4 Qc1 38. b4 Qb2 39.
Bb3 Qc3 40. Qf4 Qc7 41. Kh1 Ng6 42. Qd4 Nxe5 43. Qe4 Qd6 44. Qd5 Qe7 45. Qe4 Qf6 46. Bd5 g6 47. Kh2 Kg7 48. Kh1 h5 49. Kh2 h4 50. Kh1 Qf1+ 51. Kh2 Qf6 52. Bb3 Qd6 53. Kh1 Nd3 54. Qd5 Qxd5 55. Bxd5 Nxb4 56. Bb3 a5 57.
Kg1 a4 58. Bd1 Nxa2 59. Kf2 Nc3 60. Bc2 a3 61. Bb3 a2 0-1

[Event "Early-Titled-Tuesday-Blitz-May-28-2024"]
[Site "Chess.com"]
[Date "2024.05.28"]
[Round "5"]
[White "RuperezA"]
[Black "Anton_Demchenko"]
[Result "1-0"]
[WhiteElo "2696"]
[BlackElo "2934"]
[TimeControl "180+1"]
[EndTime "8:57:21 PDT"]
[Termination "RuperezA won on time"]

1. e4 e5 2. Nf3 Nc6 3. Bc4 Nf6 4. d3 h6 5. O-O d6 6. d4 Bg4 7. c3 exd4 8. cxd4 Be7 9. Nc3 O-O 10. Re1 Bxf3 11.
gxf3 Qd7 12. Kh1 Kh8 13. Rg1 Rae8 14. Be3 Nh7 15. Qd2 g5 16. f4 f6 17. Bb5 a6 18.
Ba4 b5 19. Bc2 Bd8 20. a4 b4 21. Nd5 a5 22. fxg5 fxg5 23. f4 Ne7 24. Nxe7 Bxe7 25. e5 dxe5 26. fxe5 Qd5+ 27. Rg2 Rf7 28. Qd3 Ref8 29.
Bb3 Qf3 30. Bxf7 Rxf7 31. Kg1 Qd5 32. Rf1 Rxf1+ 33. Kxf1 Kg7 34. Rf2 c5 35. b3 Nf8 36.
Qf5 c4 37. bxc4 Qxc4+ 38. Kg2 Qd5+ 39. Kg1 Ng6 40. Qc2 Nh4 41. Qc7 Qe6 42. d5 Qxd5 43.
Qxe7+ Kg6 44. Qf6+ Kh5 45. Qf7+ Qxf7 46. Rxf7 Kg6 47.
Ra7 Nf3+ 48. Kf2 Nxe5 49. Rxa5 Nc4 50. Rb5 Nb2 51. a5 b3 52. a6 Nc4 53. a7 b2 54.
a8=Q Kh5 55. Qf3+ Kg6 56. Qf5+ Kh5 57. Qf7+ Kh4 58. Bxg5+ 1-0

[Event "Early-Titled-Tuesday-Blitz-May-28-2024"]
[Site "Chess.com"]
[Date "2024.05.28"]
[Round "5"]
[White "HajiyevKanan"]
[Black "Irina_Mikhaylova"]
[Result "1/2-1/2"]
[WhiteElo "2518"]
[BlackElo "2341"]
[TimeControl "180+1"]
[EndTime "8:57:21 PDT"]
[Termination "Game drawn - insufficient material"]

1. d4 Nf6 2. Nf3 g6 3. g3 Bg7 4. Bg2 O-O 5. O-O d5 6. b3 c6 7. Bb2 Bf5 8. e3 Ne4 9. Nbd2 Nxd2 10. Qxd2 Be4 11. c4 Nd7 12. Rac1 Rc8 13. Rfd1 Re8 14. Qb4 Qb6 15. Ba3 Qxb4 16. Bxb4 e6 17. h4 Bf8 18.
Bxf8 Kxf8 19. Kf1 Ke7 20. Ke2 Bxf3+ 21. Bxf3 h5 22. b4 Nf6 23. a4 Kd6 24. c5+ Kc7 25.
b5 e5 26. Rb1 Rcd8 27. dxe5 Rxe5 28. Rd4 Ne4 29. Bxe4 Rxe4 30. Rbb4 Rde8 31. Kd3 f5 32.
Rxe4 fxe4+ 33. Kd4 Rf8 34. Rb2 Rf5 35. bxc6 Kxc6 36. a5 Rf7 37. a6 bxa6 38. Ra2 Kb5 39. Rb2+ Kc6 40. Ra2 Kb5 41. Kxd5 Rd7+ 42. Kxe4 Kxc5 43.
Rxa6 Re7+ 44. Kd3 Rg7 45. e4 Kb5 46. Ra2 a5 47. Rb2+ Kc5 48. Rb8 Ra7 49. Kc3 a4 50.
Rb2 a3 51. Ra2 Ra4 52. f3 Ra8 53. Kb3 Kd4 54. Rxa3 Rc8 55. Kb2 Rc7 56. Ra4+ Ke3 57. f4 Kf3 58. e5 Kxg3 59. e6 Re7 60. Re4 Kxh4 61. f5+ Kg5 62. fxg6 Kxg6 63. Kc3 Kf6 64. Rh4 Rxe6 65. Rxh5 Rd6 66. Rh6+ Ke7 67. Rxd6 Kxd6 1/2-1/2

[Event "Early-Titled-Tuesday-Blitz-May-28-2024"]
[Site "Chess.com"]
[Date "2024.05.28"]
[Round "5"]
[White "Djager97"]
[Black "chess_blitz00"]
[Result "1-0"]
[WhiteElo "2543"]
[BlackElo "2303"]
[TimeControl "180+1"]
[EndTime "8:57:22 PDT"]
[Termination "Djager97 won by checkmate"]

1. e4 d5 2. exd5 Qxd5 3. Nc3 Qd8 4. d4 Nf6 5. Nf3 e6 6. Bc4 c5 7. Bg5 Be7 8. O-O O-O 9. dxc5 Bxc5 10. Qxd8 Rxd8 11.
Rad1 Bd7 12. Ne5 h6 13. Bh4 g5 14. Bg3 Nc6 15. Nxd7 Nxd7 16. Ne4 Be7 17. Bd6 Nb6 18.
Bb3 Kf8 19. c3 Na5 20. Bxe7+ Kxe7 21. Nc5 Rdc8 22. Nd3 Nac4 23. Bxc4 Nxc4 24. b3 Nd6 25. c4 b6 26. Ne5 Rc7 27. Rd3 Nf5 28. Rfd1 Kf6 29.
Ng4+ Kg7 30. Rd7 Rac8 31. Ne5 Rxd7 32. Rxd7 Rf8 33. Rxa7 Nd6 34. Rd7 Ne4 35. Rb7 Nc5 36. Rxb6 Rd8 37. g3 Rd1+ 38. Kg2 Ne4 39. Rb7 Nd6 40.
Rd7 Kf6 41. Nxf7 Ra1 42. Nxd6 Rxa2 43. Ne4+ Ke5 44. Nc3 Rb2 45. c5 Rxb3 46. Rd3 Kf5 47. c6 Rb8 48. c7 Rc8 49. Rd7 e5 50. Nb5 Ke6 51. Rh7 Ra8 52. Na7 Rxa7 53. c8=Q+ Kd6 54.
Rxa7 Kd5 55. Qd7+ Ke4 56. Qc6+ Kf5 57. Rf7+ Kg4 58. Qxh6 e4 59. Qh3# 1-0

[Event "Early-Titled-Tuesday-Blitz-May-28-2024"]
[Site "Chess.com"]
[Date "2024.05.28"]
[Round "5"]
[White "Shushik"]
[Black "Naruto75_3"]
[Result "1-0"]
[WhiteElo "2564"]
[BlackElo "2404"]
[TimeControl "180+1"]
[EndTime "8:57:23 PDT"]
[Termination "Shushik won by resignation"]

1. e4 c5 2. Ne2 Nf6 3. Nbc3 Nc6 4.
d4 cxd4 5. Nxd4 Nxd4 6. Qxd4 d6 7.
Bg5 Bd7 8. O-O-O e6 9. f4 h6 10.
Bxf6 gxf6 11. f5 Be7 12. Bc4 Qa5 13. Kb1 Rc8 14. Bb3 b5 15. Rhf1 b4 16. Ne2 Qc5 17. Qd3 a5 18. fxe6 fxe6 19. Nf4 Bb5 20. Qg3 Qg5 21. Bxe6 Rc5 22. Rfe1 Qxg3 23. hxg3 Rg5 24. g4 Bd7 25. Bf5 Rhg8 26. Rd5 Bxf5 27. gxf5 Rg4 28. Rf1 Rh4 29. Rxa5 Rgg4 30. Ng6 Rh2 31. Ra8+ Kf7 32. Re1 Rxe4 33. Rc1 Rh5 34. c3 bxc3 35. Rxc3 Rxf5 36. Nh8+ Kg7 37. Rg3+ Rg5 38. Rc3 Rxg2 39. a4 Re1+ 40. Ka2 Ree2 41. Rb8 d5 42. Rcc8 Bd6 43. Rg8+ Kh7 44.
Rxg2 Rxg2 45. Rd8 Be5 46. Nf7 Rxb2+ 47. Ka3 Rd2 48. Nxe5 fxe5 49. a5 Rd1 50. Kb4 e4 51. a6 e3 52. a7 Ra1 53. a8=Q Rxa8 54. Rxa8 Kg6 55. Kc3 Kf6 56. Kd3 1-0

[Event "Early-Titled-Tuesday-Blitz-May-28-2024"]
[Site "Chess.com"]
[Date "2024.05.28"]
[Round "5"]
[White "ilya2700"]
[Black "GMMikhailKazakov"]
[Result "0-1"]
[WhiteElo "2204"]
[BlackElo "2520"]
[TimeControl "180+1"]
[EndTime "8:57:23 PDT"]
[Termination "GMMikhailKazakov won by checkmate"]

1. e4 e5 2. Nf3 Nc6 3. Bb5 a6 4. Ba4 Nf6 5. O-O Be7 6. d3 b5 7. Bb3 d6 8. h3 O-O 9. c3 Na5 10.
Bc2 c5 11. Re1 Nc6 12. Be3 d5 13. exd5 Nxd5 14. Nbd2 Be6 15. Nf1 Qc7 16. Ng3 Rad8 17. Bg5 f6 18. Bd2 Rfe8 19. d4 Bd6 20. dxe5 Nxe5 21.
Nxe5 Bxe5 22. Qf3 Bf7 23. Rad1 Bxg3 24. Qxg3 Qxg3 25. fxg3 Rxe1+ 26. Rxe1 Nb4 27. cxb4 Rxd2 28. Be4 cxb4 29. Rc1 g6 30. Rc8+ Kg7 31. Rc7 f5 32. Bf3 Kf6 33. Ra7 Be6 34. Rxa6 Ke5 35. b3 Bd5 36.
Ra5 Bxf3 37. gxf3 Kd4 38. Rxb5 Ke3 39. Rxb4 Kxf3 40. g4 f4 41. a4 Kg3 42. Kf1 f3 43. Ke1 Ra2 44. Rd4 f2+ 45. Kf1 Ra1+ 46. Ke2 f1=Q+ 47. Kd2 Rd1+ 48. Kc3 Qf3+ 49. Kc4 Qc6+ 50.
Kb4 Rxd4+ 51. Ka3 Qc3 52. a5 Rb4 53. Ka2 Qxb3+ 54. Ka1 Qb2# 0-1

[Event "Early-Titled-Tuesday-Blitz-May-28-2024"]
[Site "Chess.com"]
[Date "2024.05.28"]
[Round "5"]
[White "dianamirza"]
[Black "Resignify"]
[Result "0-1"]
[WhiteElo "2009"]
[BlackElo "2309"]
[TimeControl "180+1"]
[EndTime "8:57:23 PDT"]
[Termination "Resignify won by resignation"]

1. e4 d6 2. d4 Nf6 3. Nc3 g6 4. f3 c6 5. Be3 b5 6. g4 h5 7. g5 Nfd7 8. h4 Nb6 9. Nh3 b4 10. Ne2 Nc4 11. Bc1 Bg7 12. Qd3 Ba6 13.
Qb3 Qb6 14. c3 bxc3 15. bxc3 Na5 16. Qxb6 axb6 17. Rb1 Nd7 18. Nef4 Bxf1 19. Rxf1 Nc4 20. Rf2 b5 21. Nd3 Kd8 22. Nb4 Kc7 23. Nf4 e6 24.
Nfd3 Ra4 25. Nb2 Nxb2 26. Bxb2 Rha8 27. a3 Nb6 28. Nc2 Nc4 29. Bc1 Bf8 30. d5 e5 31.
f4 Bg7 32. f5 gxf5 33. Rxf5 Rf8 34. g6 fxg6 35. Rxf8 Bxf8 36. Ne3 Be7 37. Nxc4 bxc4 38. Ke2 Bxh4 39. Kf3 g5 40. Be3 cxd5 41. exd5 Rxa3 42. Rb6 Rxc3 43. Rc6+ Kd7 44. Ra6 g4+ 45. Ke2 Rc2+ 46. Kd1 Rb2 47. Bc1 Rb3 48. Ra7+ Kc8 49. Kc2 Rd3 50.
Rg7 Rf3 51. Rh7 Rf2+ 52. Kb1 Bg3 53. Rxh5 Bf4 54. Bxf4 exf4 55. Rh8+ Kd7 56. Rh7+ Ke8 57. Rg7 g3 58. Kc1 g2 59. Kd1 Rf1+ 60. Ke2 g1=Q 0-1